 Dungeon Crawl Stone Soup version 0.17-a0-1481-gfdcec5c (webtiles) character file.

96 Fluffy the Skirmisher (level 4, -2/37 HPs)
             Began as a Mummy Fighter on July 4, 2015.
             Killed by divine providence
             ... invoked by an orc priest
              (9 damage)
             ... on level 3 of the Dungeon.
             The game lasted 00:04:06 (1603 turns).

Fluffy the Skirmisher (Mummy Fighter)               Turns: 1603, Time: 00:04:06

Health: -2/37      AC:  9    Str: 19    XL:     4   Next: 41%
Magic:  4/4        EV:  4    Int:  8    God:
Gold:   87         SH:  9    Dex: 11    Spells: 0 memorised, 3 levels left

rFire  x . .     SeeInvis .     a - +0 flail
rCold  + . .     Clarity  .     o - +0 chain mail
rNeg   + + +     SustAt   +     c - +0 shield
rPois  ∞         Gourm    .     (no helmet)
rElec  .         Spirit   .     (no cloak)
rCorr  .         Warding  .     (no gloves)
rMut   .         Stasis   .     (no boots)
MR     .....                    (no amulet)
Stlth  ..........               (no ring)
                                d - ring of sustain attributes

@: not resistant to hostile enchantments, extremely unstealthy
A: no food or potions, fire vulnerability, cold resistance 1, negative energy
resistance 3, torment resistance, unbreathing
a: no special abilities


You were on level 3 of the Dungeon.
You were not hungry.

You visited 1 branch of the dungeon, and saw 3 of its levels.

You collected 87 gold pieces.

Inventory:

Hand weapons
 a - a +0 flail (weapon)
Armour
 c - a +0 shield (worn)
 o - a +0 chain mail (worn)
Jewellery
 d - a ring of sustain attributes (left hand)
Scrolls
 e - a scroll of identify {unknown}
 f - a scroll of blinking {unknown}
 g - a scroll of noise {unknown}
 h - a scroll of amnesia {unknown}
 i - a scroll of fog {unknown}
 j - a scroll of magic mapping {unknown}
 k - a scroll of fear {unknown}
 l - a scroll of teleportation {unknown}
 m - 2 scrolls of remove curse {unknown}
 n - 3 scrolls of enchant armour {unknown}


   Skills:
 + Level 3.7 Fighting
 + Level 2.5 Maces & Flails
 + Level 2.9 Armour
 + Level 2.8 Shields


You had 3 spell levels left.
You didn't know any spells.

Dungeon Overview and Level Annotations

Branches:
Dungeon (3/15)

Altars:
Xom


Innate Abilities, Weirdness & Mutations

You do not eat or drink.
Your flesh is vulnerable to fire.
You are immune to poison.
Your flesh is cold resistant.
You are immune to negative energy.
You are immune to unholy pain and torment.
You can survive without breathing.


Message History

The jackal barks!
You hear a bark!
You can't drink.
You closely miss the orc priest.
The jackal moves out of view.
The orc priest calls down the wrath of Beogh upon you.
You struggle to resist.
You hit the orc priest.
The orc priest is lightly wounded.
You block the orc priest's attack.
The orc priest prays to Beogh.
You feel troubled.
A jackal comes into view.
You sock the orc priest!
The orc priest is severely wounded.
The orc priest prays to Beogh.
You feel a wave of unholy energy pass over you.
You barely miss the orc priest.
The orc priest is severely wounded.
The orc priest mumbles some strange prayers to Beogh against you.
Something smites you!
You die...

#### ######### ...
........##### #.#
#............ ##.##
#.#####.####.
#####...###.# #.# ##.
#..........†#####.###..
#.###)..#.............#
##@##.#.#####..##..
#o##^#.# #..###.
.o....hh...#.# #..# #.
..o..........#####..# #.
....#.#.............###.
#.. ..#####.#######.##..
#. .## #.# #.#.#. # ..
#.#######..##. ..
...........


You could see an orc priest and 2 jackals.

Vanquished Creatures
  4 adders (D:2)
  An ooze (D:2)
  A worm (D:3)
  3 orcs (D:3)
  4 bats
  3 giant cockroaches
  4 goblins
  5 hobgoblins
  2 quokkas
  2 giant newts
  10 kobolds
  10 rats
49 creatures vanquished.

Notes
Turn   | Place    | Note
--------------------------------------------------------------
     0 | D:1      | Fluffy the Mummy Fighter began the quest for the Orb.
     0 | D:1      | Reached XP level 1. HP: 18/18 MP: 1/1
    98 | D:1      | Reached XP level 2. HP: 21/24 MP: 2/2
   541 | D:2      | Found a shimmering altar of Xom.
   541 | D:2      | Found a shimmering altar of Xom.
   541 | D:2      | Found a shimmering altar of Xom.
   543 | D:2      | Found a shimmering altar of Xom.
   543 | D:2      | Found a shimmering altar of Xom.
   543 | D:2      | Found a shimmering altar of Xom.
   618 | D:2      | Reached XP level 3. HP: 29/29 MP: 3/3
   885 | D:2      | Reached XP level 4. HP: 26/36 MP: 4/4
  1603 | D:3      | Killed from afar by an orc priest

Vault maps used:
D:1:      denvon_arrival_waterhouse, serial_glass, glass_columns_a,
          glass_columns_c
D:2:      xom_redecorated, first_bread
D:3:      amethyst_overflow_temple_binary

Action                   |  1- 3 |  4- 6 || total
-------------------------+-------+-------++-------
Melee: Flail             |   148 |    66 ||   214
